 Dungeon Crawl Stone Soup version 0.31-a0-365-gcf821cafb2 (webtiles) character file.

Game seed: 12157116493450225912

65767 drugrobin the Severer (level 14, -8/131 (133) HPs)
             Began as a Demigod Delver on July 27, 2023.
             Mangled by a spark wasp (11 damage)
             ... on level 1 of the Spider Nest.
             The game lasted 01:00:29 (21352 turns).

drugrobin the Severer (Demigod Delver)             Turns: 21352, Time: 01:00:29

HP:   -8/131 (133)  AC:  9    Str: 29    XL:     14   Next: 37%
MP:   0/28          EV: 12    Int: 16    God:
Gold: 1274          SH:  0    Dex: 15    Spells: 20/26 levels left

rFire   . . .        a - +8 broad axe (venom)
rCold   . . .        q - orb {light}
rNeg    . . .        X - +0 troll leather armour
rPois   .            p - +0 helmet of the Morning {Str+4 Slay+2}
rElec   .            (no cloak)
rCorr   .            i - +0 pair of gloves
SInv    .            V - +2 pair of boots
Will    ++...        d - amulet of guardian spirit
Stlth   +            N - ring of willpower
HPRegen 1.21/turn    t - +4 ring of slaying
MPRegen 0.21/turn

%: guardian spirit
@: lethally poisoned (-8 -> -16), glowing, lightly drained
A: high MP 1, forlorn, divine attributes
a: no special abilities


You were on level 1 of the Spider Nest.
You visited 3 branches of the dungeon, and saw 17 of its levels.
You also visited: Sewer and Ice Cave.

You collected 1429 gold pieces.
You spent 155 gold pieces at shops.

Inventory:

Hand Weapons
 a - a +8 broad axe of venom (weapon)
 b - a +1 war axe of freezing
 h - a +6 spear of flaming
Missiles
 D - 13 boomerangs (quivered)
 I - a curare-tipped dart
Armour
 e - +0 ice dragon scales
 i - a +0 pair of gloves (worn)
 p - the +0 helmet of the Morning (worn) {Str+4 Slay+2}
   (You acquired it on level 10 of the Dungeon)

   Str:       It affects your strength (+4).
   Slay:      It affects your accuracy & damage with ranged weapons and melee
   (+2).
 q - an orb of light (worn)
 V - a +2 pair of boots (worn)
 W - +0 fire dragon scales
 X - a +0 troll leather armour (worn)
Jewellery
 d - an amulet of guardian spirit (around neck)
 s - a ring of protection from cold
 t - a +4 ring of slaying (right hand)
 N - a ring of willpower (left hand)
 U - a ring of resist corrosion
 Z - a ring of ice
Wands
 g - a wand of digging (11)
 J - a wand of flame (21)
 Y - a wand of quicksilver (6)
Scrolls
 c - a scroll of fear
 k - 3 scrolls of summoning
 o - 4 scrolls of revelation
 r - 3 scrolls of vulnerability
 w - 5 scrolls of immolation
 y - 4 scrolls of blinking
 z - a scroll of silence
 F - 4 scrolls of teleportation
 G - 6 scrolls of poison
 L - a scroll of torment
 O - 6 scrolls of fog
Potions
 f - 5 potions of haste
 j - 3 potions of magic
 l - 2 potions of resistance
 m - 2 potions of invisibility
 n - 8 potions of curing
 u - 5 potions of cancellation
 v - 3 potions of enlightenment
 H - 3 potions of might
 K - 2 potions of mutation {unknown}
 Q - a potion of attraction {unknown}
 R - a potion of experience {unknown}
 S - 6 potions of heal wounds
 T - 2 potions of lignification {unknown}
Miscellaneous
 A - a piece from Xom's chessboard (15/15)


   Skills:
 + Level 14.7 Fighting
 + Level 17.5 Axes
 - Level 1.7 Dodging
 - Level 4.5 Stealth
 + Level 6.9 Spellcasting
 - Level 4.0 Evocations


You had 20 spell levels left.
You knew the following spells:

 Your Spells              Type           Power      Damage    Failure   Level
a - Wereblood             Tmut           5%         N/A       22%         2
b - Mephitic Cloud        Conj/Pois/Air  5%         N/A       38%         3
c - Summon Small Mammal   Summ           20%        N/A       14%         1

Your spell library contained the following spells:

 Spells                   Type           Power      Damage    Failure   Level
 Apportation              Tloc           10%        N/A       14%         1
 Necrotise                Necr           20%        1d5       14%         1
 Slow                     Hex            20%        N/A       14%         1
 Cigotuvi's Dreadful Rot  Necr/Pois/Air  10%        N/A       22%         2
 Ensorcelled Hibernation  Hex/Ice        10%        N/A       22%         2
 Poisonous Vapours        Pois/Air       10%        N/A       22%         2
 Sublimation of Blood     Necr           5%         N/A       22%         2
 Dazzling Flash           Conj/Hex       10%        N/A       38%         3
 Tukima's Dance           Hex            5%         N/A       38%         3
 Anguish                  Hex/Necr       2%         N/A       80%         4
 Dispel Undead            Necr           5%         3d7       80%         4
 Passage of Golubria      Tloc           5%         N/A       80%         4
 Petrify                  Tmut/Erth      5%         N/A       80%         4
 Freezing Cloud           Conj/Ice/Air   2%         6-21      98%         5
 Irradiate                Conj/Tmut      2%         3d12      98%         5
 Iskenderun's Battlesphe  Conj           5%         2d6       98%         5
 Yara's Violent Unravell  Hex/Tmut       2%         3d3       98%         5
 Death Channel            Necr           2%         N/A       100%        6
 Leda's Unmaking          Conj/Erth      2%         9d1       100%        6
 Spellforged Servitor     Conj/Summ      2%         N/A       100%        7
 Summon Hydra             Summ           2%         N/A       100%        7


Dungeon Overview and Level Annotations

Branches:
Dungeon (11/15)            Temple (0/1) D:4            Lair (5/5) D:11
  Swamp (0/4) Lair:3       Spider (1/4) Lair:3        Slime (0/5) Lair:4
    Orc (0/2) D:9           Sewer (visited)           IceCv (visited)

Shops:
D:6 *   D:7 *   D:11 :


Innate Abilities, Weirdness & Mutations

You have an increased reservoir of magic. (+10% MP)
You shall have no god before yourself.
Your divine heritage dramatically boosts your attributes as you level up.


Message History

You kill the jorogumo!
You barely miss the spark wasp.
You feel extremely sick.
The spark wasp stings you but does no damage.
Unknown command.
Unknown command.
Unknown command.
Unknown command.
Unknown command.
You slash the spark wasp!
The spark wasp looks as sick as possible!
The spark wasp is lightly wounded.
You feel extremely sick. The spark wasp barely misses you.
The spark wasp stings you. The spark wasp shocks you!
Unknown command.
Unknown command.
Unknown command.
You slash the spark wasp!
The spark wasp looks as sick as possible!
The spark wasp is heavily wounded.
You feel yourself speed up.
You feel very sick. The spark wasp stings you. The spark wasp shocks you!
* * * LOW HITPOINT WARNING * * *
The spark wasp stings you.
* * * LOW HITPOINT WARNING * * *
The spark wasp shocks you!
* * * LOW HITPOINT WARNING * * *
Unknown command.
Unknown command.
Unknown command.
Unknown command.
You closely miss the spark wasp.
The spark wasp is severely wounded.
You feel very sick. The spark wasp stings you!!
* * * LOW HITPOINT WARNING * * *
The spark wasp shocks you!
You die...

## ######
##..##....##
.^.........##
......y@....#
.....:†.#.....#
......>## ....#
##....# #..#
##### ##


You could see a spark wasp (extremely poisoned).

Vanquished Creatures
  A frost giant (IceCv)
  A dire elephant (Lair:5)
  A fire dragon (Lair:5)
  9 hydras
  An ice dragon (Lair:5)
  A jorogumo (Spider:1)
  An anaconda (Lair:5)
  A boulder beetle (Lair:5)
  11 death yaks
  A fire crab (Lair:5)
  2 skysharks
  2 pharaoh ants (Lair:3)
  A swamp dragon (Lair:5)
  A lindwurm (Lair:3)
  4 wolf spiders
  An elephant (Lair:3)
  A guardian serpent (Lair:5)
  13 black mambas
  15 cane toads
  An ice statue (IceCv)
  A gargoyle (D:11)
  A torpor snail (Lair:1)
  8 komodo dragons
  13 rime drakes
  3 trolls
  9 polar bears
  4 hornets
  14 dream sheep
  A tarantella (Lair:3)
  A blink frog (Lair:5)
  A jumping spider (Lair:3)
  Sigmund (D:6)
  3 fire bats (Lair:1)
  16 wyverns
  A wraith (D:11)
  58 yaks
  4 steam dragons
  3 redbacks
  5 basilisks
  2 wargs (D:11)
  Edmund (D:6)
  Menkaure (D:7)
  5 swamp worms (Lair:3)
  2 acid dragons
  16 water moccasins
  2 sky beasts
  6 orc warriors
  A swamp drake (Lair:5)
  2 ogres
  3 ice beasts
  11 wolves
  5 centaurs
  A phantom (D:5)
  A kobold brigand (D:9)
  12 bullfrogs
  3 gnoll sergeants
  2 scorpions
  5 wights
  10 killer bees
  3 electric eels
  6 howler monkeys
  12 orc priests
  11 jellies
  6 hounds
  3 sleepcaps
  A gnoll bouda (D:9)
  8 iguanas
  8 orc wizards
  6 hell rats
  21 gnolls
  8 adders
  13 river rats
  2 shadow imps (D:5)
  A white imp (D:5)
  2 ufetubi
  7 worms
  3 dart slugs
  40 orcs
  18 endoplasms
  6 giant cockroaches
  3 goblins
  9 hobgoblins
  9 jackals
  16 ball pythons
  4 bats
  3 frilled lizards
  13 kobolds
  3 rats
552 creatures vanquished.

Notes
Turn   | Place    | Note
-------+----------+-------------------------------------------
     0 | D:5      | drugrobin the Demigod Delver began the quest for the Orb.
     0 | D:5      | Reached XP level 1. HP: 18/18 MP: 3/3
    33 | D:5      | Reached skill level 2 in Axes
   279 | D:2      | Reached XP level 2. HP: 25/25 MP: 4/4
   291 | D:2      | Reached skill level 3 in Axes
   396 | D:1      | Reached XP level 3. HP: 16/30 MP: 5/5
  1533 | D:2      | Reached XP level 4. HP: 30/37 MP: 6/6
  1577 | D:2      | Reached skill level 4 in Axes
  2466 | D:4      | Reached XP level 5. HP: 43/45 MP: 7/7
  2716 | D:4      | Reached skill level 5 in Axes
  2950 | D:4      | Reached XP level 6. HP: 40/52 MP: 8/8
  3047 | D:4      | Found a staircase to the Ecumenical Temple.
  3747 | D:5      | Reached skill level 5 in Fighting
  3888 | D:5      | Reached XP level 7. HP: 59/61 MP: 9/9
  3966 | D:5      | Reached skill level 6 in Axes
  4400 | D:6      | Found a glowing drain.
  4405 | Sewer    | Entered a sewer
  4737 | D:6      | Found Plog's Assorted Antiques.
  4752 | D:6      | Bought a golden potion for 19 gold pieces
  4752 | D:6      | Bought 2 scrolls labelled UHYJICHUNA for 44 gold pieces
  4782 | D:6      | Reached skill level 7 in Axes
  4782 | D:6      | Reached XP level 8. HP: 61/71 MP: 10/10
  5452 | D:6      | Noticed Sigmund
  5472 | D:6      | Killed Sigmund
  5525 | D:6      | Noticed Edmund
  5539 | D:6      | Killed Edmund
  5681 | D:7      | Noticed Menkaure
  5686 | D:7      | Killed Menkaure
  5687 | D:7      | Reached skill level 8 in Axes
  5975 | D:6      | Reached skill level 1 in Evocations
  6949 | D:7      | Reached XP level 9. HP: 75/79 MP: 11/11
  7251 | D:7      | Found Japraosi's Assorted Antiques.
  7265 | D:7      | Bought a pink potion for 28 gold pieces
  7265 | D:7      | Bought a scroll of identify for 64 gold pieces
  7890 | D:8      | Reached skill level 9 in Axes
  8666 | D:9      | Reached skill level 10 in Axes
  9098 | D:9      | Reached XP level 10. HP: 72/90 MP: 13/13
  9850 | D:9      | Reached skill level 11 in Axes
 10108 | D:9      | Found a staircase to the Orcish Mines.
 10245 | D:10     | Entered Level 10 of the Dungeon
 10474 | D:10     | HP: 4/91 [poisoned by a killer bee]
 10731 | D:10     | Identified a scroll of acquirement
 10732 | D:10     | Acquired the +0 helmet of the Morning {Str+4 Slay+2}
 10742 | D:10     | Got the Incunable of the Dead and Interference
 11168 | D:11     | Found Pebogi's Book Boutique.
 11334 | D:11     | Found a staircase to the Lair.
 11341 | D:11     | Reached skill level 10 in Fighting
 11341 | D:11     | Reached skill level 12 in Axes
 11766 | D:11     | Identified the +1 halberd of the Dancing Gods {antimagic,
                  | *Rage rElec rF+ Int+5}
 11933 | Lair:1   | Entered Level 1 of the Lair of Beasts
 12008 | Lair:1   | Reached XP level 11. HP: 96/100 MP: 12/14
 12554 | Lair:1   | Reached skill level 13 in Axes
 13153 | Lair:2   | Learned a level 2 spell: Wereblood
 13604 | Lair:2   | Noticed a seven-headed hydra
 13899 | Lair:2   | Reached skill level 14 in Axes
 14046 | Lair:2   | Killed a seven-headed hydra
 14302 | Lair:3   | Noticed a five-headed hydra
 14358 | Lair:3   | Noticed a six-headed hydra
 14371 | Lair:3   | Killed a six-headed hydra
 14415 | Lair:3   | Noticed a pharaoh ant
 14509 | Lair:3   | Killed a pharaoh ant
 14510 | Lair:3   | Reached XP level 12. HP: 86/111 MP: 10/15
 14535 | Lair:3   | Learned a level 3 spell: Mephitic Cloud
 14846 | Lair:3   | Killed a five-headed hydra
 14923 | Lair:3   | Identified the staff of the People {rPois Str+5 Poison}
 15084 | Lair:3   | Noticed a five-headed hydra
 15094 | Lair:3   | Killed a five-headed hydra
 15095 | Lair:3   | Reached skill level 15 in Axes
 15131 | Lair:3   | Noticed a seven-headed hydra
 15177 | Lair:3   | Found a hole to the Spider Nest.
 15286 | Lair:3   | Learned a level 1 spell: Summon Small Mammal
 15367 | Lair:3   | Killed a seven-headed hydra
 15463 | Lair:3   | Noticed an eight-headed hydra
 15543 | Lair:3   | Killed an eight-headed hydra
 15830 | Lair:3   | Noticed an eight-headed hydra
 15845 | Lair:3   | Killed an eight-headed hydra
 16013 | Lair:3   | Found a staircase to the Swamp.
 16286 | Lair:4   | Reached skill level 16 in Axes
 16440 | Lair:4   | Reached skill level 1 in Spellcasting
 16653 | Lair:4   | Found a staircase to the Slime Pits.
 16783 | Lair:4   | Reached XP level 13. HP: 112/112 MP: 18/18
 17561 | Lair:5   | Entered Level 5 of the Lair of Beasts
 17649 | Lair:5   | Found a frozen archway.
 17784 | IceCv    | Entered an ice cave
 18549 | IceCv    | Noticed a frost giant
 18568 | IceCv    | Killed a frost giant
 18573 | IceCv    | Reached skill level 5 in Spellcasting
 18907 | Lair:5   | Reached skill level 17 in Axes
 19167 | Lair:5   | Noticed a dire elephant
 19406 | Lair:5   | HP: 6/124 [poisoned by a wolf spider]
 19411 | Lair:5   | HP: 5/124 [poisoned by a wolf spider]
 19619 | Lair:5   | Killed a dire elephant
 19744 | Lair:5   | Reached XP level 14. HP: 113/132 MP: 20/26
 19946 | Lair:5   | Acquired a +3 broad axe of venom
 21262 | Spider:1 | Entered Level 1 of the Spider Nest
 21346 | Spider:1 | Paralysed by a jorogumo for 1 turns
 21352 | Spider:1 | HP: 3/131 [spark wasp (13)]
 21352 | Spider:1 | Mangled by a spark wasp

Illustrated notes

Levels and vault maps discovered:
D:1:      dpeg_arrival_concentric_ovals, layout_loops_corners,
          serial_bayou_pond_d, serial_bayou_pond_e, minmay_cut_off
D:2:      layout_loops_ring, serial_glass, glass_columns_a, glass_columns_b,
          minmay_strange_pillars, feat_on_display, due_unseen_surprise,
          minmay_strange_pillars
D:3:      layout_rooms, lemuel_blue_sif_altar, nemelex_diamond_rough_becter,
          shapermc_ecumenical_altar_acropolis
D:4:      layout_basic, minmay_temple_entry_gardened_gates
D:5:      layout_basic, mainiacjoe_overflow_catwalk,
          nicolae_uskayaw_murder_on_the_dancefloor, lemuel_crystal_altar
D:6:      layout_rooms, serial_shops, shop, lightli_sewer_entry_pipes,
          sigmund_edmund_badplayer
D:7:      layout_cave_pools, amcnicky_altar_gilded, serial_shops,
          nicolae_shop_overgrown_old_shop, uniq_menkaure
D:8:      layout_cave_pools
D:9:      layout_basic, mainiacjoe_overflow_alcove_1,
          nicolae_overflow_hidden_temple, kennysheep_little_box,
          kennysheep_mini_moat, david_orc_4
D:10:     layout_cave_pools, mainiacjoe_overflow_six_doors_small,
          mainiacjoe_overflow_paths, minivault_5
D:11:     layout_roguey, erik_lair_orcish_takeover, serial_shops,
          nicolae_square_shop
Lair:1:   layout_gridlike
Lair:2:   layout_small_grid, grunt_megastairs_2
Lair:3:   dreamdust_cave_troll, layout_regular_city, palyth_hydra_swamp_entry,
          nicolae_spider_entry_lesser_pyramids, wad_woods_06, kennysheep_rathole
Lair:4:   layout_long_grid, minmay_slime_entry_jelly_boxes,
          chequers_serial_rivers_micro_e, infiniplex_staircase_pool
Lair:5:   hangedman_lair_tendril_chambers, layout_cave_pods,
          guppyfry_lair_end_dragon, portal_ice_cave_entry_animals_and_master,
          st_stairs_8, chequers_serial_rivers_micro_c,
          chequers_serial_rivers_micro_e, minmay_shattered_shrine
Spider:1: layout_spider_delve, drop_trap, hellmonk_watch_for_rolling_rocks

Skill      XL: |  1  2  3  4  5  6  7  8  9 10 11 12 13 14 |
---------------+-------------------------------------------+-----
Axes           | 2 3 4 5 7 8 10 12 14 16 17 | 17.5
Fighting       | 3 4 5 6 7 8 10 11 12 14 | 14.7
Evocations     | 2 4 |  4.0
Spellcasting   | 1 5 6 |  6.9
Dodging        | |  1.7
Stealth        | |  4.5

Action                     |  1- 3 |  4- 6 |  7- 9 | 10-12 | 13-15 || total
---------------------------+-------+-------+-------+-------+-------++-------
  Melee: Hand axe          |    47 |   171 |   450 |    48 |       ||   716
         Dagger            |    85 |    21 |    50 |    27 |    19 ||   202
         Punch             |     1 |       |       |       |       ||     1
         Battleaxe         |       |       |    10 |       |       ||    10
         War axe           |       |       |       |   452 |   314 ||   766
         Spear             |       |       |       |    42 |     8 ||    50
         Broad axe         |       |       |       |       |    89 ||    89
  Throw: Boomerang         |       |     1 |    13 |    44 |    13 ||    71
         Dart              |       |       |    12 |     3 |     6 ||    21
         Javelin           |       |       |       |       |     6 ||     6
   Cast: Wereblood         |       |       |       |     4 |       ||     4
         Summon Small Mamm |       |       |       |     2 |     2 ||     4
  Evoke: Wand              |       |     1 |     8 |    22 |     5 ||    36
         Piece from Xom's  |       |       |       |       |     4 ||     4
    Use: Scroll            |       |       |     8 |     9 |    18 ||    35
         Potion            |       |       |       |     2 |     2 ||     4
   Stab: Sleeping          |     3 |       |       |     1 |       ||     4
         Paralysed         |       |       |     6 |     4 |     6 ||    16
         Distracted        |       |       |       |     1 |       ||     1
 Armour: Leather armour    |     2 |       |       |       |       ||     2
         Chain mail        |    51 |   107 |   186 |    27 |       ||   371
         Troll leather arm |       |       |       |   105 |    96 ||   201
         Plate armour      |       |       |       |    21 |       ||    21
         Ice dragon scales |       |       |       |       |    35 ||    35
  Dodge: Dodged            |    49 |   100 |   212 |   245 |   198 ||   804

Table legend: (Time is in decaauts)
 A = Elapsed time spent in this place.
 B = Non-inter-level travel time spent in this place.
 C = Inter-level travel time spent in this place.
 D = Time resting spent in this place.
 E = Time spent auto-exploring this place.
 F = Levels seen in this place.
 G = Mean time per level.
                   A        B        C        D        E       F      G
               +--------+--------+--------+--------+--------+-----+--------+
         Total |  21202 |  20036 |   1166 |   3795 |  10808 |  19 | 1115.9 |
       Dungeon |  11835 |  11255 |    580 |   2410 |   6043 |  11 | 1075.9 |
          Lair |   7992 |   7407 |    585 |   1141 |   4113 |   5 | 1598.4 |
   Spider Nest |     20 |     20 |      0 |      0 |      0 |   1 |   20.0 |
         Sewer |    349 |    349 |      0 |      0 |    208 |   1 |  349.0 |
      Ice Cave |   1003 |   1003 |      0 |    244 |    444 |   1 | 1003.0 |
               +--------+--------+--------+--------+--------+-----+--------+

Top non-repeatable levels by time:
  Lair:3: 2231 daAuts
     D:9: 2198 daAuts
  Lair:5: 2096 daAuts
     D:6: 2040 daAuts
  Lair:4: 1287 daAuts
  Lair:2: 1235 daAuts
  Lair:1: 1141 daAuts
     D:1: 1097 daAuts
   IceCv: 1003 daAuts
     D:4: 983 daAuts
    D:11: 923 daAuts
     D:3: 921 daAuts
     D:5: 860 daAuts
     D:7: 825 daAuts
    D:10: 822 daAuts
